 Dungeon Crawl Stone Soup version 0.21-a0-78-g82a99e0 (webtiles) character file.

57 pkoi the Ruffian (level 3, -2/31 HPs)
             Began as a Minotaur Monk on June 20, 2017.
             Was a Believer of Dithmenos.
             Slain by a centaur (6 damage)
             ... on level 2 of the Dungeon on June 21, 2017.
             The game lasted 00:03:56 (1523 turns).

pkoi the Ruffian (Minotaur Monk)                    Turns: 1523, Time: 00:03:56

Health: -2/31      AC: 10    Str: 15    XL:     3   Next: 73%
Magic:  2/2        EV:  7    Int:  7    God:    Dithmenos [**....]
Gold:   186        SH:  0    Dex: 13    Spells: 2/2 levels left

rFire    + . .     SeeInvis .     - Unarmed
rCold    . . .     Gourm    .   (no shield)
rNeg     . . .     Faith    .   o - +0 chain mail (curse)
rPois    .         Spirit   .   (helmet restricted)
rElec    .         Reflect  .   c - +0 cloak
rCorr    .         Harm     .   (no gloves)
MR       .....                  a - +0 pair of boots
Stlth    ..........             (no amulet)
HPRegen  0.10/turn              g - ring of protection from fire
MPRegen  0.08/turn              (no ring)

@: wreathed by umbra
A: retaliatory headbutt, horns 2
a: Shadow Step, Renounce Religion


You were on level 2 of the Dungeon.
You worshipped Dithmenos.
Dithmenos was pleased with you.
You were not hungry.

You visited 1 branch of the dungeon, and saw 3 of its levels.

You collected 186 gold pieces.

Inventory:

Armour
 a - a +0 pair of boots (worn)
 c - a +0 cloak (worn)
 o - a cursed +0 chain mail (worn)
Jewellery
 g - a ring of protection from fire (left hand)
Scrolls
 i - a scroll of remove curse {unknown}
 j - a scroll of magic mapping {unknown}
 k - 2 scrolls of fear
 n - a scroll of identify
Potions
 e - 2 potions of might
 h - 2 potions of lignification {unknown}
 l - 2 potions of haste {unknown}
 m - a potion of agility {unknown}
Comestibles
 b - 2 bread rations
 d - 5 chunks of flesh
 f - 2 royal jellies


   Skills:
 - Level 3.6 Fighting
 - Level 3.2 Dodging
 - Level 1.5 Stealth
 + Level 5.1 Unarmed Combat
 - Level 0.6 Invocations


You had 2 spell levels left.
You didn't know any spells.

Dungeon Overview and Level Annotations

Branches:
Dungeon (3/15)

Altars:
Dithmenos
Gozag
Makhleb
Wu Jian
Zin


Innate Abilities, Weirdness & Mutations

You reflexively headbutt those who attack you in melee.
You have a pair of horns on your head.


Message History

The centaur shoots an arrow.
The arrow hits you!
* * * LOW HITPOINT WARNING * * *
You see here an arrow.
The centaur unwields an uncursed shortbow.
The centaur hits you.
* * * LOW HITPOINT WARNING * * *
Your chain mail prevents you from hitting the centaur.
Your headbutt misses the centaur. The centaur barely misses you.
You punch the centaur!
The centaur is moderately wounded.
The centaur closely misses you.
You hit the centaur.
The centaur is heavily wounded.
The centaur hits you.
* * * LOW HITPOINT WARNING * * *
The centaur completely misses you.
You hit the centaur but do no damage.
The centaur is heavily wounded.
The centaur hits you.
You die...

.#.......# #(#..# #.# #.# #
#.##########.#..# #.# #.# #.#
#......#..# #.# #.#
#######.######..### #.# #.#
##..#.#.# #....# #.# #.#
#.#.#.#.# #..#.####(# #.#
#(#.[.#.# ###.#.......# #.#
..#...#.# #...c..########.###
........####.###@.#..........##
#######..(...# #.().........#.##
..#####..###.###.>#.######.###.##
.........###......#.##.....>.##.#
...............#..#.##.#####.###.
#.................#.##.# #.##.#
#######.###.###........# #.#.##
#######.........###.##.# #..##
........)...##### #.##.#####.##


You could see a centaur.

Vanquished Creatures
  An adder (D:2)
  An ooze (D:1)
  3 leopard geckos
  An orc (D:2)
  A giant cockroach (D:2)
  4 goblins
  6 hobgoblins
  5 kobolds
  2 ball pythons (D:2)
  6 bats
  7 frilled lizards
  6 rats
43 creatures vanquished.

Notes
Turn   | Place    | Note
-------+----------+-------------------------------------------
     0 | D:1      | pkoi the Minotaur Monk began the quest for the Orb.
     0 | D:1      | Reached XP level 1. HP: 19/19 MP: 0/0
   219 | D:1      | Reached skill level 4 in Unarmed Combat
   219 | D:1      | Reached XP level 2. HP: 24/26 MP: 1/1
   897 | D:2      | Reached XP level 3. HP: 28/31 MP: 2/2
   950 | D:2      | Found a shadowy altar of Dithmenos.
   970 | D:2      | Became a worshipper of Dithmenos the Shadowed
   970 | D:2      | Reached * piety under Dithmenos
   970 | D:2      | Reached ** piety under Dithmenos
  1083 | D:2      | Found a glowing silver altar of Zin.
  1086 | D:2      | Found a burning altar of Makhleb.
  1089 | D:2      | Found an opulent altar of Gozag.
  1496 | D:3      | Found an ornate altar of the Wu Jian Council.
  1500 | D:3      | Reached skill level 5 in Unarmed Combat
  1517 | D:2      | Noticed a centaur
  1523 | D:2      | Slain by a centaur

Vault maps used:
D:1:      nicolae_arrival_somewhat_less_tricky_arrival
D:2:      nicolae_dithmenos_through_a_glass_darkly,
          grunt_temple_overflow_diamond, first_bread, minmay_misc_feat_rugged
D:3:      nicolae_overflow_crystal_walls, small_statue_intersection,
          kennysheep_generic_room_10, uniq_natasha

Skill      XL: |  1  2  3 |
---------------+----------+-----
Unarmed Combat | 4 5 |  5.1
Fighting       | |  3.6
Dodging        | |  3.2
Stealth        | |  1.5
Invocations    | |  0.6

Action                   || total
-------------------------++-------
Melee: Unarmed           ||    94
       Headbutt          ||    13
       Punch             ||     1
  Use: Scroll            ||     6
 Stab: Sleeping          ||     1
  Eat: Chunk             ||     2
Armor: Robe              ||     6
       Chain mail        ||    36
Dodge: Dodged            ||    49
